 Dungeon Crawl Stone Soup version 0.28.0 (webtiles) character file.

Game seed: 9543036798988561028

2199032 GraveyardiganJr the Minotaur Barricade (level 25, 257/257 HPs)
             Began as a Minotaur Fighter on Feb 12, 2022.
             Was a High Priest of Okawaru.
             Escaped with the Orb
             ... and 4 runes on Feb 14, 2022!
             The game lasted 13:44:03 (73731 turns).

GraveyardiganJr the Minotaur Barricade (MiFi)      Turns: 73731, Time: 13:44:04

Health: 257/257    AC: 35    Str: 21    XL:     25   Next: 37%
Magic:  31/31      EV: 17    Int:  7    God:    Okawaru [*****.]
Gold:   4428       SH: 32    Dex: 20    Spells: 24/24 levels left

rFire   + + .      SeeInvis +   a - +10 demon whip of Conscience {freeze, SInv}
rCold   + + .      Faith    +   t - +6 tower shield {rC+}
rNeg    + . .      Spirit   .   s - +1 gold dragon scales
rPois   +          Reflect  .   Y - +5 hat of Orroir {-Cast rElec rPois rCorr}
rElec   +          Harm     .   h - scarf {repulsion}
rCorr   +          Rampage  .   I - +0 pair of gloves
Will    ++...      NoCast   +   H - +1 pair of boots
Stlth   ..........              u - amulet of faith
HPRegen 0.52/turn               v - +4 ring of evasion
MPRegen 0.22/turn               J - ring "Yffim" {rF+ rN+ Will+, =R}

@: hasted, repel missiles, very quick
A: horns 2, retaliatory headbutt, agile 1, deterioration 1, weak 1, subdued
magic 2
0: Orb of Zot
}: 4/15 runes: serpentine, barnacled, slimy, silver
a: Renounce Religion, Heroism, Finesse, Duel


You escaped.
You worshipped Okawaru.
Okawaru was extremely pleased with you.
You visited 11 branches of the dungeon, and saw 54 of its levels.
You also visited: Gauntlet and Ice Cave.

You collected 7326 gold pieces.
You spent 2898 gold pieces at shops.

Inventory:

Hand Weapons
 a - the +10 demon whip of Conscience (weapon) {freeze, SInv}
   (You acquired it on level 10 of the Dungeon)

   It freezes those it strikes, dealing additional cold damage.
   It can also slow down cold-blooded creatures.
   SInv:      It lets you see invisible.
 b - the +9 fustibalus "Dageff" {flame, rC+ rCorr Int+3 Dex+4}
   (You found it on level 3 of the Elven Halls)

   Any ammunition fired from it burns those it strikes, dealing additional fire
   damage.
   Int:       It affects your intelligence (+3).
   Dex:       It affects your dexterity (+4).
   rC:        It protects you from cold.
   rCorr:     It protects you from acid and corrosion.
 w - the +9 war axe "Miguawn" {drain, rCorr}
   (Okawaru gifted it to you in an ice cave)

   A truly terrible weapon, it drains the life of any living foe it strikes.
   rCorr:     It protects you from acid and corrosion.
Missiles
 o - 516 sling bullets
 q - 7 throwing nets (quivered)
 z - 26 boomerangs
 B - 20 javelins
 C - 19 curare-tipped darts
 T - 4 silver boomerangs
 U - 6 silver javelins
 X - 6 datura-tipped darts
Armour
 h - a scarf of repulsion (worn)
 s - +1 gold dragon scales (worn)
 t - a +6 tower shield of cold resistance (worn)
 H - a +1 pair of boots (worn)
 I - a +0 pair of gloves (worn)
 Y - the +5 hat of Orroir (worn) {-Cast rElec rPois rCorr}
   (You found it on level 2 of the Vaults)

   rElec:     It insulates you from electricity.
   rPois:     It protects you from poison.
   -Cast:     It prevents spellcasting.
   rCorr:     It protects you from acid and corrosion.
Jewellery
 u - an amulet of faith (around neck)
 v - a +4 ring of evasion (left hand)
 D - a ring of willpower
 J - the ring "Yffim" (right hand) {rF+ rN+ Will+, =R}
   (You found it on level 4 of the Shoals)

   [ring of positive energy]

   rF:        It protects you from fire.
   rN:        It protects you from negative energy.
   Will:      It increases your willpower.
 L - a ring of protection from fire
Wands
 e - a wand of polymorph (17)
 k - a wand of mindburst (20)
 n - a wand of digging (15)
 E - a wand of iceblast (40)
 M - a wand of paralysis (13)
 P - a wand of acid (11)
Scrolls
 x - 2 scrolls of magic mapping
 A - 4 scrolls of fog
 N - 15 scrolls of teleportation
 Q - 4 scrolls of fear
 V - 3 scrolls of holy word
 Z - a scroll of acquirement
Potions
 c - 3 potions of might
 d - 5 potions of ambrosia
 f - 3 potions of invisibility
 i - a potion of berserk rage
 l - 6 potions of heal wounds
 p - 12 potions of flight
 r - 15 potions of curing
 G - 3 potions of resistance
 K - 11 potions of mutation
 O - 6 potions of haste
 S - 9 potions of lignification
 W - 6 potions of cancellation
Miscellaneous
 g - a phial of floods
 m - a condenser vane
 y - a lightning rod (4/4)
 F - a piece from Xom's chessboard (15/15)
 R - a tin of tremorstones (2/2)


   Skills:
 O Level 27 Fighting
 - Level 14.7(16.0) Axes
 - Level 10.3(13.8) Maces & Flails
 - Level 10.1(14.4) Slings
 - Level 15.0(16.0) Throwing
 - Level 22.0 Armour
 + Level 16.1 Dodging
 - Level 4.6 Stealth
 O Level 27 Shields
 + Level 13.3 Invocations
 * Level 16.3 Evocations


You had 24 spell levels left.
You didn't know any spells.
Your spell library contained the following spells:

 Spells                   Type           Power      Damage    Failure   Level
 Apportation              Tloc           0%         N/A       100%        1
 Beastly Appendage        Tmut           0%         N/A       100%        1
 Freeze                   Ice            0%         1d3       100%        1
 Magic Dart               Conj           0%         1d3       100%        1
 Pain                     Necr           0%         1d4       100%        1
 Shock                    Conj/Air       0%         1d3       100%        1
 Slow                     Hex            0%         N/A       100%        1
 Blink                    Tloc           0%         N/A       100%        2
 Corpse Rot               Necr/Air       0%         N/A       100%        2
 Ensorcelled Hibernation  Hex/Ice        0%         N/A       100%        2
 Passwall                 Tmut/Erth      0%         N/A       100%        2
 Poisonous Vapours        Pois/Air       0%         N/A       100%        2
 Scorch                   Fire           0%         2d5       100%        2
 Searing Ray              Conj           0%         2d4       100%        2
 Static Discharge         Conj/Air       0%         N/A       100%        2
 Sublimation of Blood     Necr           0%         N/A       100%        2
 Wereblood                Tmut           0%         N/A       100%        2
 Confusing Touch          Hex            0%         N/A       100%        3
 Conjure Flame            Conj/Fire      0%         6-21      100%        3
 Frozen Ramparts          Ice            0%         1d2       100%        3
 Gell's Gravitas          Tloc           0%         N/A       100%        3
 Ignite Poison            Fire/Tmut/Pois 0%         N/A       100%        3
 Lesser Beckoning         Tloc           0%         N/A       100%        3
 Ozocubu's Armour         Ice            0%         N/A       100%        3
 Portal Projectile        Hex/Tloc       0%         N/A       100%        3
 Spider Form              Tmut/Pois      0%         N/A       100%        3
 Stone Arrow              Conj/Erth      0%         3d7       100%        3
 Swiftness                Air            0%         N/A       100%        3
 Teleport Other           Tloc           0%         N/A       100%        3
 Vampiric Draining        Necr           0%         2d6       100%        3
 Airstrike                Air            0%         N/A       100%        4
 Anguish                  Hex/Necr       0%         N/A       100%        4
 Dispel Undead            Necr           0%         3d6       100%        4
 Flame Wave               Conj/Fire      0%         2d4       100%        4
 Fulminant Prism          Conj/Hex       0%         3d6       100%        4
 Hailstorm                Conj/Ice       0%         3d3       100%        4
 Iskenderun's Mystic Bla  Conj/Tloc      0%         2d3       100%        4
 Leda's Liquefaction      Hex/Erth       0%         N/A       100%        4
 Passage of Golubria      Tloc           0%         N/A       100%        4
 Petrify                  Tmut/Erth      0%         N/A       100%        4
 Sticky Flame             Conj/Fire      0%         2d3       100%        4
 Alistair's Intoxication  Tmut/Pois      0%         N/A       100%        5
 Blade Hands              Tmut           0%         N/A       100%        5
 Borgnjor's Vile Clutch   Necr/Erth      0%         N/A       100%        5
 Irradiate                Conj/Tmut      0%         3d13      100%        5
 Iskenderun's Battlesphe  Conj           0%         2d6       100%        5
 Lee's Rapid Deconstruct  Erth           0%         3d5*      100%        5
 Manifold Assault         Tloc           0%         N/A       100%        5
 Silence                  Hex/Air        0%         N/A       100%        5
 Yara's Violent Unravell  Hex/Tmut       0%         3d3       100%        5
 Conjure Ball Lightning   Conj/Air       0%         3x3d6     100%        6
 Dispersal                Tloc           0%         N/A       100%        6
 Iron Shot                Conj/Erth      0%         9d1       100%        6
 Dragon Form              Tmut           0%         N/A       100%        7
 Enfeeble                 Hex            0%         N/A       100%        7
 Orb of Destruction       Conj           0%         9d5       100%        7
 Ozocubu's Refrigeration  Ice            0%         4d5       100%        7
 Storm Form               Tmut/Air       0%         N/A       100%        7
 Disjunction              Tloc           0%         N/A       100%        8
 Lehudib's Crystal Spear  Conj/Erth      0%         10d2      100%        8
 Maxwell's Capacitive Co  Air            0%         ∞         100%        8
 Animate Skeleton         Necr           Unusable   N/A       N/A         1
 Summon Small Mammal      Summ           Unusable   N/A       N/A         1
 Call Canine Familiar     Summ           Unusable   N/A       N/A         3
 Summon Guardian Golem    Hex/Summ       Unusable   N/A       N/A         3
 Animate Armour           Summ/Erth      Unusable   N/A       N/A         4
 Animate Dead             Necr           Unusable   N/A       N/A         4
 Summon Lightning Spire   Summ/Air       Unusable   N/A       N/A         4
 Death Channel            Necr           Unusable   N/A       N/A         6
 Summon Cactus Giant      Summ           Unusable   N/A       N/A         6
 Spellforged Servitor     Conj/Summ      Unusable   N/A       N/A         7
 Summon Horrible Things   Summ           Unusable   N/A       N/A         8
 Dragon's Call            Summ           Unusable   N/A       N/A         9

Dungeon Overview and Level Annotations

Branches:
Dungeon (15/15)            Temple (1/1) D:7            Lair (6/6) D:10
 Shoals (4/4) Lair:4        Snake (4/4) Lair:2        Slime (5/5) Lair:6
    Orc (2/2) D:9             Elf (3/3) Orc:2        Vaults (5/5) D:13
  Crypt (0/3) Vaults:3     Depths (4/4) D:15            Zot (5/5) Depths:4
  IceCv (visited)         Gauntlet (visited)

Altars:
Ashenzari
Cheibriados
Dithmenos
Elyvilon
Fedhas
Gozag
Hepliaklqana
Kikubaaqudgha
Makhleb
Nemelex Xobeh
Okawaru
Qazlal
Ru
Sif Muna
Trog
Uskayaw
Vehumet
Wu Jian
Xom
Yredelemnul
Zin
The Shining One
Beogh
Jiyva

Shops:
D:4 =[*(   Orc:2 :==*   Elf:1 *   Elf:2 *   Shoals:2 (   Snake:3 [   Vaults:3 [
Vaults:4 [   Depths:4 =::

Portals:
Hell: Depths:1 Depths:2 Depths:3 Depths:4
Abyss: Depths:3
Pandemonium: Depths:2 Depths:3
Ziggurat: Depths:4
Trove: D:10 (give 7 scrolls of fog)

Annotations:
D:5 1 runed translucent door, Crazy Yiuf
D:8 danger vaults, exclusion: 3 doors
D:10 2 transporters to hive, Almightybob's ghost, journeyman DsCK
Snake:4 exclusion: 2 upstairs
Depths:2 2 transporters
Zot:2 1 exclusion


Innate Abilities, Weirdness & Mutations

You have a pair of horns on your head.
You reflexively headbutt those who attack you in melee.
You are agile. (Dex +2)
Your body sometimes deteriorates upon taking damage.
You are weak. (Str -2)
Your spells are easier to cast, but less powerful.


Message History

The +10 demon whip of Conscience {freeze, SInv} glows with a cold blue light!
a - the +10 demon whip of Conscience (weapon)
{freeze, SInv} You climb upwards.
There is a stone staircase leading down here.
(D) Dungeon (T) Temple (L) Lair (A) Shoals (P) Snake Pit (M) Slime Pits (O) Orcish Mines (E) Elven Halls (V) Vaults (C) Crypt (U) Depths (H) Hell (Z) Zot
Where to? (* - list waypoints, Enter - D:1, ? - help)
There is a stone staircase leading up here.
You climb upwards.
There is a stone staircase leading down here.
Your extra speed is starting to run out.
There is an open door here.
A demonspawn corrupter, a shadow demon and a demonspawn warmonger come into view.
The demonspawn corrupter is wielding a +0 antimagic demon trident.
The demonspawn warmonger is wielding a +2 demon whip of venom, wearing a +2 plate armour of cold resistance and wearing a +2 tower shield of reflection.
The shadow demon moves out of view.
There is an open door here.
You feel yourself slow down.
The demonspawn corrupter calls forth creatures from the Pits of Slime!
There is a stone staircase leading up here.
The demonspawn corrupter invokes the aid of Lugonu against you.
The entropic weave corrodes you!
You climb upwards.
There is a stone staircase leading down here.
(D) Dungeon (T) Temple (L) Lair (A) Shoals (P) Snake Pit (M) Slime Pits (O) Orcish Mines (E) Elven Halls (V) Vaults (C) Crypt (U) Depths (H) Hell (Z) Zot
Where to? (* - list waypoints, Enter - D:1, ? - help)
You are no longer corroded.
You see here a +0 dagger.
There is a stone staircase leading up here.
You climb upwards.
There is a stone staircase leading down here.
You feel yourself speed up.
Blink to where?
Press: ? - help, Dir - move target
As you read the scroll of blinking, it crumbles to dust.
You have escaped!

...## #.#.# #.#.###.## #.. #.##
######.#[# ##.##.#.## ##.. ###
#......#>###...##.## #.#. #
#.######.....#.....### ##.. # #.#
##.......§....# #.. # #.#
####.≈≈≈≈§≈§§§≈.#####.. ###
#.####...[≈....§...≈........ ..#
#.##...≈≈.≈.≈≈.....≈..####.. #.#
#.##.#.≈..≈@.§.....≈..# #.. #.#
#.##.#.≈..≈§.§.≈≈..≈..# #.. #.##
#.##.#.≈...§.§.>≈..§..# #..
...###.##)#.§§....≈≈§≈.≈≈..# #..
..........#.§§§§..§.§≈....## #..
.>.....##.§§≈§≈≈§≈≈≈≈≈.#..# #..
########..§§§.§....[.....######..
##......#..###..............
####.......#..###.######.......


There were no monsters in sight!

Vanquished Creatures
  the Royal Jelly (Slime:5)
  3 dread liches
  An ancient lich (Vaults:5)
  2 orbs of fire
  A Killer Klown (Zot:5)
  A curse toe (Zot:5)
  Vashnia (Snake:2)
  Saint Roka (Depths:3)
  Nikola (Snake:3)
  7 golden dragons
  A profane servitor (Arena)
  2 electric golems
  9 tentacled monstrosities
  Mlioglotl (Arena)
  21 Orb Guardians (Zot:5)
  2 deep elf master archers (Elf:3)
  3 liches
  7 titans
  5 death cobs
  6 quicksilver dragons
  2 deep elf blademasters (Elf:3)
  18 acid blobs
  3 sphinxes
  7 shadow dragons
  17 storm dragons
  5 tengu reavers
  9 rockslimes
  5 nagarajas (Snake:4)
  5 draconian knights
  A draconian monk (Zot:1)
  7 fire giants
  5 azure jellies
  6 frost giants
  2 deep elf sorcerers
  An iron dragon (Vaults:5)
  5 orc warlords
  11 vault wardens
  7 draconian annihilators
  A ghost moth (Zot:4)
  2 draconian stormcallers
  5 quicksilver oozes
  3 deep elf elementalists (Elf:3)
  20 stone giants
  4 draconian shifters
  27 very ugly things
  2 war gargoyles
  7 ironbound thunderhulks
  17 ironbound preservers
  2 vampire knights
  The ghost of Fifowuza the Grappler, a journeyman DrTm of Wu Jian (Lair:4)
  4 deep elf demonologists (Elf:3)
  3 green draconians
  4 black draconians
  13 red draconians
  9 purple draconians
  5 white draconians
  7 deep elf annihilators
  A spark wasp (shapeshifter) (Vaults:5)
  4 yellow draconians
  5 dire elephants (Vaults:1)
  A minotaur (Shoals:1)
  6 merfolk javelineers
  4 ettins
  9 spark wasps
  13 yaktaur captains
  Josephine (D:10)
  9 merfolk impalers
  6 deep elf death magi
  5 fire dragons
  9 great orbs of eyes
  4 deep elf high priests
  29 vault guards
  10 naga warriors
  7 salamander tyrants
  5 ice dragons
  A peacekeeper (Vaults:3)
  Harold (D:10)
  5 boulder beetles
  9 hydras
  An ogre mage (Vaults:5)
  3 rakshasas
  8 ironbound frosthearts
  25 centaur warriors
  13 anacondas
  2 alligator snapping turtles
  2 satyrs
  3 spriggan air magi
  8 deep troll shamans
  4 catoblepae
  6 two-headed ogres
  4 merfolk aquamancers (Shoals:4)
  5 merfolk avatars
  4 hell hogs (Depths:1)
  28 dancing weapons
  3 death knights
  6 deep troll earth magi
  7 orc high priests
  11 death yaks
  15 naga sharpshooters
  7 shock serpents
  3 spriggan berserkers
  5 tengu warriors
  3 sun demons (Depths:1)
  3 soul eaters (Depths:1)
  21 deep elf knights
  9 hell knights
  A fire crab (Vaults:3)
  The ghost of Laummuim the Gouger, a journeyman FeFi of Fedhas (Lair:4)
  6 iron trolls
  71 deep trolls
  4 salamander mystics
  An orb spider (shapeshifter) (Elf:2)
  10 sea snakes
  A glowing orange brain (shapeshifter) (Vaults:5)
  6 glowing orange brains
  A spriggan druid (Elf:1)
  A swamp dragon (Depths:4)
  An orb spider (Vaults:4)
  2 bog bodies (Shoals:3)
  7 wizards
  7 phantasmal warriors
  16 lindwurms
  17 orc knights
  Pikel (D:7)
  12 deep elf archers
  6 naga ritualists
  12 mana vipers
  20 ironbound convokers
  31 harpies
  4 shining eyes
  38 deep elf pyromancers
  31 deep elf zephyrmancers
  15 fauns
  4 necromancers
  5 orc sorcerers (Orc:2)
  A wolf spider (D:15)
  32 ugly things
  9 cyclopes
  A cyclops (shapeshifter) (Vaults:5)
  8 manticores
  14 moths of wrath
  24 salamanders
  3 elephants (Shoals:1)
  29 black mambas
  A stone giant skeleton (Vaults:5)
  A black mamba (shapeshifter) (D:13)
  19 vault sentinels
  An ice statue (IceCv)
  An eye of devastation (Slime:3)
  6 water nymphs
  10 merfolk sirens
  A fire giant skeleton (Vaults:1)
  7 guardian serpents
  16 naga magi
  2 molten gargoyles (Lair:5)
  2 gargoyles
  A torpor snail (shapeshifter) (Vaults:5)
  2 smoke demons (Depths:1)
  11 komodo dragons
  4 rime drakes
  10 cane toads
  An efreet (Zot:2)
  22 yaktaurs
  3 kobold demonologists
  Maggie (D:8)
  3 unseen horrors (shapeshifter)
  3 freezing wraiths
  2 yaktaurs (shapeshifter)
  4 tengu conjurers
  A queen bee (shapeshifter) (Elf:3)
  7 trolls
  2 meliai (Shoals:1)
  17 merfolk
  A wolf spider simulacrum (D:13)
  2 hornets
  18 polar bears
  A tarantella (shapeshifter) (Vaults:5)
  7 wind drakes
  63 slime creatures
  21 dream sheep
  A dream sheep (shapeshifter) (D:15)
  A frost giant simulacrum (Vaults:1)
  A culicivora (shapeshifter) (D:15)
  27 blink frogs
  A shadow (D:12)
  5 snapping turtles
  14 air elementals
  25 water elementals
  10 wraiths
  76 yaks
  An ettin skeleton (Vaults:1)
  2 wyverns
  26 fire elementals
  Grum (D:8)
  A redback (Snake:4)
  A basilisk (shapeshifter) (D:14)
  6 wargs
  2 vampire mosquitoes (D:13)
  4 basilisks
  46 nagas
  An acid dragon (D:9)
  18 water moccasins
  A floating eye (Slime:3)
  A floating eye (shapeshifter) (Depths:4)
  3 hell hounds (Depths:2)
  A human skeleton (Vaults:1)
  67 orc warriors
  An ice beast (D:5)
  A sky beast (shapeshifter) (D:13)
  2 elf simulacra (Vaults:5)
  3 black bears
  14 ogres
  2 necrophages
  2 sky beasts
  38 wolves
  14 centaurs
  4 lemures (D:7)
  10 kobold brigands
  16 bullfrogs
  4 gnoll sergeants
  3 scorpions
  An earth elemental (Elf:3)
  A glowing shapeshifter simulacrum (Vaults:1)
  A water moccasin zombie (D:5)
  A water moccasin skeleton (D:4)
  10 killer bees (D:9)
  3 howler monkeys
  3 electric eels
  4 lava snakes (Lair:5)
  5 centaur zombies
  2 bullfrog zombies
  4 hounds
  4 jellies
  A bullfrog skeleton (D:6)
  29 orc priests
  3 iguanas
  15 orc wizards
  Natasha (thrice) (D:2)
  Terence (D:2)
  7 hell rats (Lair:4)
  3 killer bee zombies
  A howler monkey skeleton (D:6)
  A howler monkey zombie (D:8)
  Robin (D:4)
  14 gnolls
  6 adders
  A shadow imp (D:6)
  13 white imps
  2 ufetubi
  3 dart slugs
  2 worms (D:2)
  100 orcs
  9 endoplasms
  4 giant cockroaches (D:1)
  14 hobgoblins
  A quokka (D:1)
  8 ball pythons
  8 bats
  15 goblins
  30 kobolds
  6 rats
2205 creatures vanquished.

Vanquished Creatures (others)
  A draconian stormcaller (Zot:2)
  A green draconian (Zot:2)
  Maurice (D:10)
  A lava snake (Lair:5)
  5 bushes (D:15)
  30 fungi
  116 plants
  5 withered plants (Gauntlet)
160 creatures vanquished.

Grand Total: 2365 creatures vanquished

Notes
Turn   | Place    | Note
-------+----------+-------------------------------------------
     0 | D:1      | GraveyardiganJr the Minotaur Fighter began the quest for
                  | the Orb.
     0 | D:1      | Reached XP level 1. HP: 19/19 MP: 0/0
    81 | D:1      | Reached XP level 2. HP: 25/27 MP: 1/1
   350 | D:1      | Found a faded altar of an unknown god.
   431 | D:1      | Reached XP level 3. HP: 33/33 MP: 2/2
  1002 | D:2      | Noticed Natasha
  1133 | D:2      | Noticed Terence
  1141 | D:2      | Killed Terence
  1142 | D:2      | Reached skill level 1 in Axes
  1142 | D:2      | Reached XP level 4. HP: 31/41 MP: 3/3
  1274 | D:2      | Killed Natasha
  1296 | D:2      | Noticed Natasha
  1310 | D:2      | Killed Natasha
  1311 | D:2      | Reached skill level 1 in Slings
  1486 | D:2      | Noticed Natasha
  1495 | D:2      | Killed Natasha
  1496 | D:2      | Reached XP level 5. HP: 17/47 MP: 4/4
  2874 | D:4      | Found a blossoming altar of Fedhas.
  3046 | D:4      | Reached skill level 5 in Fighting
  3046 | D:4      | Reached XP level 6. HP: 48/56 MP: 5/5
  3123 | D:4      | Reached skill level 5 in Armour
  3233 | D:4      | Noticed Robin
  3238 | D:4      | Killed Robin
  3340 | D:4      | Found Ylyjedae's Armour Boutique.
  3341 | D:4      | Found Meleusm's Weapon Boutique.
  3342 | D:4      | Found Nehyaher's Jewellery Boutique.
  3347 | D:4      | Found Gide Fulo's General Store.
  3352 | D:4      | Got the Incunabulum of Dusty Calling
  3573 | D:4      | Found a shimmering altar of Xom.
  3857 | D:5      | Entered Level 5 of the Dungeon
  3867 | D:5      | Reached XP level 7. HP: 55/62 MP: 6/6
  3972 | D:5      | Reached skill level 5 in Axes
  4197 | D:5      | Noticed a two-headed ogre
  4394 | D:5      | Found a runed translucent door.
  4395 | D:5      | Noticed Crazy Yiuf
  4809 | D:4      | Bought a +4 chain mail of poison resistance for 285 gold
                  | pieces
  4918 | D:6      | Reached XP level 8. HP: 71/71 MP: 7/7
  5073 | D:6      | Reached skill level 1 in Dodging
  5189 | D:6      | Found a broken altar of Ashenzari.
  5317 | D:6      | Reached skill level 1 in Stealth
  5353 | D:6      | Found an iron altar of Okawaru.
  5370 | D:6      | Became a worshipper of Warmaster Okawaru
  5502 | D:6      | Found a stormy altar of Qazlal.
  6163 | D:7      | Reached * piety under Okawaru
  6164 | D:7      | Reached XP level 9. HP: 79/79 MP: 8/8
  6281 | D:7      | Reached skill level 5 in Maces & Flails
  6281 | D:7      | Reached skill level 5 in Shields
  6615 | D:7      | Found a staircase to the Ecumenical Temple.
  6623 | Temple   | Entered the Ecumenical Temple
  6818 | D:7      | Noticed Pikel
  6840 | D:7      | Killed Pikel
  6841 | D:7      | Reached skill level 1 in Invocations
  7156 | D:7      | Reached ** piety under Okawaru
  7559 | D:7      | Identified the ring of Due Proportion {Drain rPois Will+
                  | Str+3 Int+3}
  7784 | D:8      | Noticed a gargoyle
  7793 | D:8      | Killed a gargoyle
  7794 | D:8      | Reached skill level 1 in Evocations
  7794 | D:8      | Reached XP level 10. HP: 83/88 MP: 8/11
  7968 | D:8      | Reached skill level 5 in Slings
  7981 | D:8      | Found a glowing golden altar of the Shining One.
  7981 | D:8      | Found a bloodstained altar of Trog.
  7981 | D:8      | Found an ornate altar of the Wu Jian Council.
  7981 | D:8      | Found a sacrificial altar of Ru.
  7982 | D:8      | Found a sparkling altar of Nemelex Xobeh.
  8165 | D:8      | Noticed Maggie
  8185 | D:8      | Killed Maggie
  8412 | D:8      | Found a shimmering blue altar of Sif Muna.
  8457 | D:8      | Noticed Grum
  8479 | D:8      | Reached *** piety under Okawaru
  8614 | D:8      | Killed Grum
  8929 | D:9      | Noticed a two-headed ogre
  9800 | D:9      | Found a staircase to the Orcish Mines.
 10030 | D:10     | Entered Level 10 of the Dungeon
 10033 | D:10     | Identified the +1 leather armour of Gravitas {Int+2}
 10124 | D:10     | Found a transporter.
 10128 | D:10     | Noticed Almightybob's ghost (journeyman DsCK)
 10171 | D:10     | Reached skill level 10 in Armour
 10183 | D:10     | Reached **** piety under Okawaru
 10212 | D:10     | Noticed Josephine
 10213 | D:10     | Noticed Harold
 10428 | D:10     | Found a portal to a secret trove of treasure.
 10450 | D:10     | Noticed Maurice
 10469 | D:10     | Killed Maurice
 10473 | D:10     | Killed Josephine
 10474 | D:10     | Reached XP level 11. HP: 69/95 MP: 13/13
 10474 | D:10     | Received a gift from Okawaru
 10718 | D:10     | Reached skill level 5 in Invocations
 10751 | D:10     | Found a staircase to the Lair.
 11043 | D:8      | Noticed a sixfirhy
 11077 | D:9      | Identified a scroll of acquirement
 11077 | D:9      | Acquired a manual of Armour
 11089 | D:9      | HP: 4/93 [gnoll (5)]
 11759 | D:10     | Found a white marble altar of Elyvilon.
 11769 | D:10     | Found a hide-covered altar of Uskayaw.
 11782 | D:10     | Found a transporter.
 12116 | Lair:1   | Entered Level 1 of the Lair of Beasts
 12199 | Lair:1   | Received a gift from Okawaru
 12595 | Lair:1   | Reached ***** piety under Okawaru
 12989 | Lair:2   | Found a gate leading to a gauntlet.
 13011 | Gauntlet | Entered a Gauntlet
 13011 | Gauntlet | Noticed an oklob plant
 13011 | Gauntlet | Noticed a wretched star
 13011 | Gauntlet | Found a transporter.
 13011 | Gauntlet | Found a transporter.
 13013 | Gauntlet | Found a transporter.
 13015 | Gauntlet | Found a transporter.
 13025 | Gauntlet | Noticed a dire elephant
 13028 | Gauntlet | Found a transporter.
 13036 | Gauntlet | Found a transporter.
 13043 | Gauntlet | Found a transporter.
 13048 | Gauntlet | Found a transporter.
 13048 | Gauntlet | Found a transporter.
 13048 | Gauntlet | Found the +0 pair of fencer's gloves {Riposte Dex+3}
 13050 | Gauntlet | Noticed a necromancer
 13054 | Gauntlet | Noticed an oklob plant
 13070 | Gauntlet | Found a transporter.
 13075 | Gauntlet | Found a transporter.
 13172 | Gauntlet | Found a transporter.
 13262 | Gauntlet | Identified the +0 pair of gloves of Honour {Int+4 Stlth-}
 13269 | Gauntlet | Identified the +9 war axe of Ash {vorpal, Fragile rPois
                  | rN+}
 13269 | Gauntlet | Noticed a minotaur
 13289 | Gauntlet | Identified the +1 ring mail of Disappointment {*Slow rF++
                  | Stlth+}
 13294 | Gauntlet | Got the Guide on Combat Magic and Necromancy
 13550 | D:9      | Received a gift from Okawaru
 13634 | D:9      | Reached XP level 12. HP: 98/106 MP: 15/15
 13718 | D:9      | Reached skill level 10 in Fighting
 13930 | D:9      | Reached skill level 10 in Maces & Flails
 13956 | D:9      | Killed a two-headed ogre
 14216 | Orc:1    | Entered Level 1 of the Orcish Mines
 14562 | Orc:2    | Entered Level 2 of the Orcish Mines
 14706 | Orc:2    | Noticed a two-headed ogre
 14708 | Orc:2    | Noticed a two-headed ogre
 14855 | Orc:2    | Killed a two-headed ogre
 14998 | Orc:2    | Killed a two-headed ogre
 14998 | Orc:2    | Received a gift from Okawaru
 15269 | Orc:2    | Noticed a two-headed ogre
 15279 | Orc:2    | Killed a two-headed ogre
 15820 | Orc:2    | Found Acettane's Book Emporium.
 15835 | Orc:2    | Found Kuoh's Jewellery Shoppe.
 16274 | Orc:2    | Received a gift from Okawaru
 16690 | Orc:2    | Received a gift from Okawaru
 16780 | Orc:2    | Found a staircase to the Elven Halls.
 16901 | Orc:2    | Noticed an orc high priest
 16910 | Orc:2    | Killed an orc high priest
 16910 | Orc:2    | Received a gift from Okawaru
 17089 | Orc:2    | Noticed an orc warlord
 17127 | Orc:2    | Killed an orc warlord
 17127 | Orc:2    | Received a gift from Okawaru
 17127 | Orc:2    | Reached ****** piety under Okawaru
 17128 | Orc:2    | Reached XP level 13. HP: 122/122 MP: 17/17
 17404 | Orc:2    | Found Macyk's Jewellery Shop.
 17596 | Orc:2    | Found Vaher's General Store.
 17614 | Orc:2    | Bought a potion of curing for 36 gold pieces
 17614 | Orc:2    | Bought a scroll of enchant weapon for 90 gold pieces
 17799 | Orc:2    | Gained mutation: You have hidden genetic defects. [a
                  | neqoxec]
 17800 | Orc:2    | Lost mutation: You have hidden genetic defects. [a neqoxec]
 17966 | Orc:2    | Reached skill level 10 in Axes
 18635 | Lair:2   | Found a staircase to the Snake Pit.
 19236 | Lair:3   | Received a gift from Okawaru
 19258 | Lair:3   | Received a gift from Okawaru
 19561 | Lair:3   | Reached skill level 15 in Fighting
 19716 | Lair:3   | Received a gift from Okawaru
 20021 | Lair:3   | Received a gift from Okawaru
 20459 | Lair:4   | Noticed Laummuim's ghost (journeyman FeFi)
 20459 | Lair:4   | Noticed Fifowuza's ghost (journeyman DrTm)
 20459 | Lair:4   | Found a runed translucent gate.
 20459 | Lair:4   | Found a runed translucent gate.
 20459 | Lair:4   | Found a runed translucent gate.
 20535 | Lair:4   | Found a frozen archway.
 20563 | IceCv    | Entered an ice cave
 20585 | IceCv    | Identified the +9 war axe "Miguawn" {drain, rCorr} (Okawaru
                  | gifted it to you in an ice cave)
 20585 | IceCv    | Received a gift from Okawaru
 21053 | IceCv    | Reached XP level 14. HP: 137/137 MP: 18/20
 21136 | IceCv    | Identified the +0 robe of Foolhardiness {Harm rElec rPois
                  | Stlth+} (Okawaru gifted it to you in an ice cave)
 21136 | IceCv    | Received a gift from Okawaru
 21686 | Lair:4   | Found a staircase to the Shoals.
 22540 | Lair:4   | Killed Laummuim's ghost
 22557 | Lair:4   | Killed Fifowuza's ghost
 22877 | Lair:5   | Received a gift from Okawaru
 22945 | Lair:5   | Reached skill level 10 in Shields
 23682 | Lair:6   | Entered Level 6 of the Lair of Beasts
 23933 | Lair:6   | Received a gift from Okawaru
 23936 | Lair:6   | Reached skill level 10 in Invocations
 24266 | Lair:6   | Found a staircase to the Slime Pits.
 24804 | Lair:6   | Reached skill level 15 in Armour
 25069 | Lair:6   | Reached XP level 15. HP: 141/149 MP: 21/21
 25097 | Lair:6   | Identified the +3 hand axe "Koeca" {vamp, rN+ Dex+2 Stlth+}
                  | (Okawaru gifted it to you on level 6 of the Lair of Beasts)
 25097 | Lair:6   | Received a gift from Okawaru
 25827 | Orc:2    | Bought a ring of flight for 245 gold pieces
 25954 | D:10     | Killed Harold
 26052 | Shoals:1 | Entered Level 1 of the Shoals
 26353 | Shoals:1 | Identified the +5 bardiche of the Thieving Enemy {flame,
                  | Int+5} (Okawaru gifted it to you on level 1 of the Shoals)
 26353 | Shoals:1 | Received a gift from Okawaru
 26696 | Arena    | Entered the Arena
 26714 | Shoals:1 | Found a hide-covered altar of Uskayaw.
 27038 | Shoals:1 | Received a gift from Okawaru
 27813 | Shoals:2 | Received a gift from Okawaru
 28371 | Shoals:2 | Found Feckamaz's Weapon Shop.
 28906 | Shoals:2 | Identified the +3 chain mail of the Voracious Tick {rC+}
                  | (Okawaru gifted it to you on level 2 of the Shoals)
 28906 | Shoals:2 | Received a gift from Okawaru
 29632 | Arena    | Entered the Arena
 29797 | Shoals:3 | Reached XP level 16. HP: 156/161 MP: 23/23
 29912 | Shoals:3 | Reached skill level 10 in Slings
 30605 | Shoals:4 | Entered Level 4 of the Shoals
 31398 | Orc:2    | Bought a manual of Throwing for 1200 gold pieces
 31795 | Arena    | Entered the Arena
 31800 | Arena    | Reached skill level 1 in Throwing
 31844 | Shoals:4 | Paralysed by an air elemental for 1 turns
 31862 | Shoals:4 | Received a gift from Okawaru
 32054 | Shoals:4 | Identified the +7 spear "Xasil" {protect, rElec MP+9 Dex+3
                  | Stlth-}
 32170 | Shoals:4 | Paralysed by an air elemental for 1 turns
 32183 | Shoals:4 | Paralysed by an air elemental for 1 turns
 32189 | Shoals:4 | Paralysed by an air elemental for 1 turns
 32380 | Arena    | Entered the Arena
 32423 | Shoals:4 | Paralysed by an air elemental for 1 turns
 32586 | Shoals:4 | Noticed Mlioglotl
 32620 | Shoals:4 | Noticed a lich
 32622 | Arena    | Entered the Arena
 32632 | Arena    | Killed Mlioglotl
 32642 | Shoals:4 | Paralysed by an air elemental for 1 turns
 32657 | Shoals:4 | Received a gift from Okawaru
 32683 | Shoals:4 | Paralysed by an air elemental for 1 turns
 32689 | Shoals:4 | Paralysed by an air elemental for 1 turns
 32786 | Shoals:4 | Paralysed by an air elemental for 1 turns
 33317 | Shoals:4 | Received a gift from Okawaru
 33431 | Shoals:4 | Noticed a storm dragon
 33450 | Shoals:4 | Killed a storm dragon
 33573 | Shoals:4 | Received a gift from Okawaru
 33789 | Shoals:4 | Identified the ring "Yffim" {rF+ rN+ Will+}
 33793 | Shoals:4 | Got a barnacled rune of Zot
 33801 | Shoals:4 | Identified the +8 chain mail of Chimes {Slay+3}
 33809 | Shoals:4 | Identified the +0 pair of boots of Indecent Exposure
                  | {Int+4}
 34018 | D:10     | Acquired the +10 demon whip of Conscience {freeze, SInv}
 34936 | D:12     | Found a hide-covered altar of Uskayaw.
 35073 | D:12     | Reached skill level 5 in Throwing
 35300 | D:12     | Reached skill level 5 in Evocations
 35539 | Arena    | Entered the Arena
 35546 | Arena    | Received a gift from Okawaru
 35632 | D:13     | Reached XP level 17. HP: 159/171 MP: 24/24
 35664 | D:13     | Reached skill level 15 in Shields
 35806 | D:13     | Received a gift from Okawaru
 36216 | D:13     | Received a gift from Okawaru
 36297 | D:13     | Found a gate to the Vaults.
 37303 | D:14     | Found a runed translucent door.
 37537 | D:14     | Received a gift from Okawaru
 37538 | D:14     | Reached skill level 5 in Dodging
 37558 | D:14     | Identified the +8 hand axe of Inflation {venom, rN++}
 37559 | D:14     | Identified the +11 glaive of Fragile Peace {drain, rPois}
 37835 | D:15     | Entered Level 15 of the Dungeon
 37866 | D:15     | Identified the +4 crystal plate armour "Bematz" {rC+}
                  | (Okawaru gifted it to you on level 15 of the Dungeon)
 37866 | D:15     | Received a gift from Okawaru
 38539 | D:15     | Found a staircase to the Depths.
 38625 | D:13     | Acquired 347 gold pieces
 38749 | Snake:1  | Entered Level 1 of the Snake Pit
 39550 | Snake:2  | Received a gift from Okawaru
 40048 | Snake:2  | Received a gift from Okawaru
 40122 | Snake:2  | Reached XP level 18. HP: 182/182 MP: 25/25
 40357 | Snake:2  | Noticed Vashnia
 40376 | Snake:2  | Killed Vashnia
 40376 | Snake:2  | Received a gift from Okawaru
 40601 | Snake:2  | Received a gift from Okawaru
 41549 | Snake:3  | Received a gift from Okawaru
 41554 | Snake:3  | Found Sigeyd's Armour Emporium.
 41645 | Snake:3  | Noticed Nikola
 41826 | Snake:4  | Entered Level 4 of the Snake Pit
 41853 | Snake:4  | Received a gift from Okawaru
 42186 | Snake:4  | Reached skill level 10 in Throwing
 42597 | Snake:4  | Received a gift from Okawaru
 43469 | Snake:4  | Got a serpentine rune of Zot
 43914 | Vaults:1 | Entered Level 1 of the Vaults
 44474 | Vaults:1 | Identified the +4 scale mail "Pikiko Rezy" {Will+ Dex+4}
                  | (Okawaru gifted it to you on level 1 of the Vaults)
 44474 | Vaults:1 | Received a gift from Okawaru
 45064 | Vaults:1 | Identified the +8 spear "Hutil" {vorpal, Will++ Str-3
                  | Int+4}
 45118 | Vaults:1 | Reached XP level 19. HP: 191/191 MP: 26/26
 46364 | Arena    | Entered the Arena
 46844 | Vaults:2 | Received a gift from Okawaru
 46940 | Vaults:2 | Received a gift from Okawaru
 46957 | Arena    | Entered the Arena
 47345 | Vaults:2 | Identified the +0 robe of Goesch {Fly Int+7}
 47362 | Vaults:2 | Found a radiant altar of Vehumet.
 47374 | Vaults:2 | Identified the +5 hat of Orroir {-Cast rElec rPois rCorr}
 47389 | Vaults:2 | Identified the +3 robe of the Morning Star {rF+}
 47398 | Vaults:2 | Identified the +1 robe of Calculation {rElec Str+2 Int+5}
 47712 | Orc:2    | Bought a +4 ring of evasion for 504 gold pieces
 48017 | Elf:1    | Entered Level 1 of the Elven Halls
 48183 | Elf:1    | Received a gift from Okawaru
 48283 | Elf:1    | Received a gift from Okawaru
 48383 | Elf:1    | Received a gift from Okawaru
 48445 | Elf:1    | Paralysed by an air elemental for 1 turns
 48497 | Elf:1    | Received a gift from Okawaru
 49119 | Elf:1    | Reached skill level 10 in Evocations
 49222 | Elf:1    | Found Wyinutoco's General Store.
 49428 | Elf:2    | Reached XP level 20. HP: 195/200 MP: 28/28
 49755 | Elf:2    | Paralysed by an air elemental for 1 turns
 49833 | Elf:3    | Entered Level 3 of the Elven Halls
 49955 | Elf:2    | Found a runed translucent gate.
 49955 | Elf:2    | Found a runed translucent gate.
 49955 | Elf:2    | Found a runed translucent gate.
 50446 | Elf:2    | Received a gift from Okawaru
 50579 | Elf:2    | Found Eshre Hire's General Store.
 50622 | Elf:2    | Found an ancient bone altar of Kikubaaqudgha.
 50635 | Elf:2    | Bought a potion of curing for 30 gold pieces
 50635 | Elf:2    | Bought a scroll of enchant armour for 75 gold pieces
 50635 | Elf:2    | Bought a potion of haste for 100 gold pieces
 51548 | Elf:3    | Identified the +0 chain mail of the Vestibule of Hell {rF+}
                  | (Okawaru gifted it to you on level 3 of the Elven Halls)
 51548 | Elf:3    | Received a gift from Okawaru
 52251 | Elf:3    | Identified the +1 pair of boots "Rikeal" {rPois}
 52264 | Elf:3    | Identified the +4 glaive of Sudden Death {freeze, rF+}
 52270 | Elf:3    | Identified the ring of the Butterfly {rPois rC- Str+4
                  | Int+6}
 52272 | Elf:3    | Got the Volume of Feathers
 52289 | Elf:3    | Identified the +3 leather armour "Icuonten" {*Slow rCorr
                  | Str+4 Dex+4}
 52317 | Elf:3    | Identified the +6 spear of Uncertain Death {vorpal, rC+
                  | Str-2 Dex+5 SInv}
 52325 | Elf:3    | Identified the +5 scale mail "Ceddoj" {rElec rPois Stlth+}
 52366 | Elf:3    | Identified the +9 fustibalus "Dageff" {flame, rC+ rCorr
                  | Int+3 Dex+4}
 53508 | Vaults:3 | Reached XP level 21. HP: 200/207 MP: 29/29
 53550 | Vaults:3 | Found a staircase to the Crypt.
 53550 | Vaults:3 | Found an ancient bone altar of Kikubaaqudgha.
 53551 | Vaults:3 | Found a basalt altar of Yredelemnul.
 53710 | Vaults:3 | Received a gift from Okawaru
 54100 | Vaults:3 | Found Zekhlio's Antique Armour Shop.
 54109 | Vaults:3 | Bought a distressingly furry scale mail for 333 gold pieces
 54109 | Vaults:3 | Identified the +1 scale mail "Kosa" {*Slow Dex+6} (You
                  | bought it in a shop on level 3 of the Vaults)
 54400 | Vaults:4 | Found Tusiu's Antique Armour Boutique.
 54509 | Vaults:4 | Reached skill level 15 in Throwing
 54514 | Vaults:4 | Identified the +1 robe "Emounk" {rPois Int+4} (Okawaru
                  | gifted it to you on level 4 of the Vaults)
 54514 | Vaults:4 | Received a gift from Okawaru
 54515 | Vaults:4 | Reached skill level 10 in Dodging
 54905 | Vaults:4 | Found the +7 Spriggan's Knife {stab, EV+4 Stlth+}
 56457 | Vaults:5 | Entered Level 5 of the Vaults
 56462 | Vaults:5 | Noticed a dread lich
 56466 | Arena    | Entered the Arena
 56476 | Arena    | Killed a dread lich
 56548 | Vaults:5 | Identified the +0 helmet of the Distant Future {*Corrode
                  | +Blink Int+8 Slay+4}
 56583 | Vaults:5 | Identified the +7 dagger of the Gnat {freeze, Int+4}
 56622 | Vaults:5 | Identified the +1 ring mail of Xuapt {Rampage} (Okawaru
                  | gifted it to you on level 5 of the Vaults)
 56622 | Vaults:5 | Received a gift from Okawaru
 56632 | Vaults:5 | Noticed a golden dragon
 56648 | Vaults:5 | Killed a golden dragon
 57029 | Vaults:5 | Reached XP level 22. HP: 164/215 MP: 30/30
 57591 | Vaults:5 | Received a gift from Okawaru
 58257 | Vaults:5 | Reached skill level 15 in Dodging
 58739 | Vaults:5 | Received a gift from Okawaru
 58968 | Vaults:5 | Identified the +7 trident of Rotation {elec, Will+ rCorr
                  | Int-5 Dex+4}
 59129 | Vaults:5 | Got a silver rune of Zot
 59135 | Vaults:5 | Got the Compendium of Intoxication
 59403 | Vaults:5 | Noticed an ancient lich
 59418 | Vaults:5 | Killed an ancient lich
 59418 | Vaults:5 | Received a gift from Okawaru
 60181 | Slime:1  | Entered Level 1 of the Pits of Slime
 60206 | Slime:1  | Received a gift from Okawaru
 60658 | Slime:4  | Gained mutation: You occasionally shout uncontrollably at
                  | your foes. [a shining eye]
 60661 | Slime:4  | Gained mutation: Potions are less effective at restoring
                  | your health. [a shining eye]
 60670 | Slime:4  | Identified the +8 hunting sling of the Heavens {freeze,
                  | Stlth+} (Okawaru gifted it to you on level 4 of the Pits of
                  | Slime)
 60670 | Slime:4  | Received a gift from Okawaru
 60671 | Slime:4  | Lost mutation: Potions are less effective at restoring your
                  | health. [potion of mutation]
 60671 | Slime:4  | Lost mutation: You occasionally shout uncontrollably at
                  | your foes. [potion of mutation]
 60671 | Slime:4  | Gained mutation: You are agile. (Dex +2) [potion of
                  | mutation]
 60671 | Slime:4  | Gained mutation: You are weak. (Str -2) [potion of
                  | mutation]
 60790 | Slime:5  | Entered Level 5 of the Pits of Slime
 60921 | Slime:5  | Noticed the Royal Jelly
 61082 | Slime:5  | Received a gift from Okawaru
 61272 | Slime:5  | Found a viscous altar of Jiyva.
 61354 | Slime:5  | Reached XP level 23. HP: 197/225 MP: 24/31
 61356 | Slime:5  | Killed the Royal Jelly
 61405 | Slime:5  | Identified the ring "Avaug" {Wiz rCorr Str+5 Dex-3 Slay-5}
 61413 | Slime:5  | Got a slimy rune of Zot
 61434 | Slime:5  | Identified the +2 ring mail of Quantum Leap {Stlth+}
 61479 | Slime:5  | Identified the +1 glaive "Maecs" {freeze, rPois Str+4
                  | Stlth+}
 62673 | Snake:3  | Killed Nikola
 63043 | Depths:1 | Entered Level 1 of the Depths
 63097 | Depths:1 | Received a gift from Okawaru
 63831 | Depths:1 | Found a gateway to Hell.
 64378 | Depths:1 | Found a white marble altar of Elyvilon.
 64865 | Depths:2 | Found the +6 lightning scales {swift, rElec}
 64967 | Depths:2 | Found a one-way gate leading to the halls of Pandemonium.
 65092 | Depths:2 | Found a glowing golden altar of the Shining One.
 65129 | Depths:2 | Received a gift from Okawaru
 65323 | Depths:2 | Found a transporter.
 65710 | Depths:2 | Found a transporter.
 65847 | Depths:3 | Noticed Saint Roka
 65861 | Depths:2 | Received a gift from Okawaru
 66153 | Depths:3 | Found a one-way gate to the infinite horrors of the Abyss.
 66273 | Depths:3 | Killed Saint Roka
 66704 | Depths:3 | Found an ancient bone altar of Kikubaaqudgha.
 66989 | Depths:3 | Identified the +1 halberd "Zicaem" {speed, rN+ Int+3}
 67072 | Depths:4 | Entered Level 4 of the Depths
 67095 | Depths:4 | Reached XP level 24. HP: 178/240 MP: 27/31
 67314 | Depths:4 | Received a gift from Okawaru
 67470 | Depths:4 | Found a one-way gateway to a ziggurat.
 67571 | Depths:4 | Received a gift from Okawaru
 68189 | Depths:4 | Found Ebura's Jewellery Shoppe.
 68189 | Depths:4 | Found Jeryc's Book Shop.
 68190 | Depths:4 | Found Qongubo's Book Shop.
 68551 | Depths:4 | Found a gate to the Realm of Zot.
 68634 | Zot:1    | Entered Level 1 of the Realm of Zot
 68634 | Zot:1    | Found a sacrificial altar of Ru.
 68813 | Zot:1    | Received a gift from Okawaru
 68995 | Zot:1    | Reached skill level 15 in Evocations
 69016 | Arena    | Entered the Arena
 69233 | Zot:2    | Received a gift from Okawaru
 69637 | Zot:1    | Identified the +5 tower shield of Lecuun {-Tele rPois rC+}
                  | (Okawaru gifted it to you on level 1 of the Realm of Zot)
 69637 | Zot:1    | Received a gift from Okawaru
 70214 | Zot:2    | You fall into a shaft and drop 2 floors!
 70511 | Zot:2    | Noticed an orb of fire
 70539 | Zot:2    | Killed an orb of fire
 71520 | Zot:3    | Received a gift from Okawaru
 71684 | Zot:5    | Entered Level 5 of the Realm of Zot
 72087 | Zot:5    | Received a gift from Okawaru
 72167 | Zot:5    | Gained mutation: Your spells are a little easier to cast,
                  | but a little less powerful. [mutagenic glow]
 72200 | Zot:5    | Gained mutation: Your body sometimes deteriorates upon
                  | taking damage. [mutagenic glow]
 72217 | Zot:5    | Gained mutation: Your spells are easier to cast, but less
                  | powerful. [mutagenic glow]
 72461 | Zot:5    | Received a gift from Okawaru
 72462 | Zot:5    | Reached XP level 25. HP: 254/254 MP: 31/31
 72566 | Zot:5    | Noticed a dread lich
 72582 | Zot:5    | Killed a dread lich
 72596 | Zot:5    | Identified the +1 ring mail of Bedevilment {rF+++ Str-5
                  | Int-2 Dex+4} (Okawaru gifted it to you on level 5 of the
                  | Realm of Zot)
 72596 | Zot:5    | Received a gift from Okawaru
 72760 | Zot:5    | Noticed a dread lich
 72766 | Zot:5    | Noticed an orb of fire
 72777 | Zot:5    | Killed a dread lich
 72778 | Zot:5    | Reached skill level 27 in Shields
 72798 | Zot:5    | Killed an orb of fire
 72889 | Zot:5    | Noticed a Killer Klown
 72905 | Zot:5    | Killed a Killer Klown
 73101 | Zot:5    | Reached skill level 27 in Fighting
 73189 | Zot:5    | Got the Orb of Zot
 73325 | Arena    | Entered the Arena
 73470 | Depths:1 | Noticed a seraph
 73564 | D:13     | Noticed Tasoisan the pandemonium lord
 73731 | D:$      | Escaped with the Orb!

Illustrated notes

Levels and vault maps discovered:
D:1:      ebering_trefoil_twist, layout_loops_ring, basic_ecumenical_altar
D:2:      layout_basic, uniq_natasha, uniq_terence
D:3:      layout_loops_ring, serial_rivers, chequers_serial_rivers_micro_e,
          chequers_serial_rivers_micro_a, chequers_serial_rivers_micro_b,
          chequers_serial_rivers_small_b, chequers_serial_rivers_room_b,
          dk_noncrumbling_3
D:4:      layout_gridville, nicolae_overflow_crystal_walls,
          fedhas_ov_isle_minmay, minmay_shop_grid_forest,
          minmay_misc_feat_more_columns, uniq_robin
D:5:      layout_loops_ring, uniq_crazy_yiuf_cottage
D:6:      layout_loops_ring, marbit_many_paths, kennysheep_mini_moat,
          lemuel_coloured_pillars_altar, minmay_door_square
D:7:      minmay_octagon_keep, layout_loops_corners,
          minmay_temple_entry_statues_pillars, uniq_pikel
D:8:      minmay_the_grid_plus_closed [minmay_the_grid_aliased_spiral,
          minmay_the_grid_paths, minmay_the_grid_spikes,
          minmay_the_grid_large_cup, minmay_the_grid_prize_trominoes],
          layout_cave_pods, lemuel_tele_altar, grunt_temple_overflow_open,
          uniq_grum, uniq_maggie
D:9:      corexii_shack_village, layout_cave_pods,
          kennysheep_orc_monster_closet_entryway
D:10:     layout_long_grid, mainiacjoe_overflow_big_doors, david_lair_shrubbed,
          nicolae_trove_entry_crystal, gammafunk_ghost_hive, lightli_minifort,
          uniq_harold, uniq_maurice, uniq_josephine
D:11:     layout_gridville, serial_glass, glass_columns_a, glass_columns_a,
          item_on_display_a, feat_on_display, due_unseen_surprise,
          feat_on_display
D:12:     layout_loops_cross, nicolae_uskayaw_dance_hall
D:13:     minmay_bad_star, layout_basic, hangedman_vaults_entry_quadrant_bands
D:14:     layout_cave_pools, minivault_13
D:15:     hangedman_depths_entry_try_elsewhere_first, layout_cave_pools,
          serial_column_ruins, column_ruins_hut, column_ruins_grid_5,
          column_ruins_grid_3, column_ruins_corridor_corner,
          column_ruins_corridor_straight, column_ruins_open_tiny,
          serial_park_square2
Temple:   nicolae_temple_figure_zero
Lair:1:   layout_misc_corridors
Lair:2:   layout_roguey, minmay_snake_entry_guardpost_small,
          gauntlet_entry_generic, chequers_serial_rivers_micro_a,
          hibernation_bobbens
Lair:3:   layout_cave_pods, lemuel_fruit_tree, serial_bayou_shore_a
Lair:4:   layout_regular_city, minmay_shoals_entry_hut,
          portal_ice_cave_entry_imps, gammafunk_ghost_cemetery,
          lookout_lair_type
Lair:5:   cheibrodos_magma_flow, layout_gridlike, nzn_sisyphean_effort,
          serial_bayou_shore_b
Lair:6:   evilmike_catoblepas_cave, layout_regular_city,
          nicolae_slime_entry_slimehenge
Shoals:1: layout_shoals, regret_index_shoals_crete
Shoals:2: layout_shoals, serial_shops, shop_fountains
Shoals:3: layout_shoals, nicolae_shoals_secluded_bog
Shoals:4: shoals_end_hellmonk_storm_palace [storm_palace_center_ruins,
          storm_palace_corner_reverse_hut, storm_palace_corner_grid,
          storm_palace_corner_pillars, storm_palace_corner_grid], uniq_mlioglotl
Snake:1:  layout_rooms, serial_corexii_hall, corexii_hall_statues_i,
          corexii_hall_statues_i, chequers_hall_statues_wall_a,
          corexii_hall_statues_x
Snake:2:  layout_chambers, uniq_vashnia
Snake:3:  layout_honeycomb, serial_shops, nicolae_shop_advertising_works
          [nicolae_subvault_shop_adworks], uniq_nikola
Snake:4:  hellmonk_snake_rune_quicksilver_temple, layout_concentric_octagons
Slime:1:  layout_caves, cheibrodos_slime_lost_civilization_4
Slime:2:  layout_caves
Slime:3:  layout_caves, cheibrodos_slime_lost_civilization_5
Slime:4:  layout_caves
Slime:5
Orc:1:    layout_diamond_mine
Orc:2:    pubby_orc_utopia, serial_shops
Elf:1:    layout_loops_cross, serial_shops, nicolae_lakefront_shop,
          hangedman_elven_crosses_minicolossus, kilobyte_rumbling_trees
Elf:2:    nicolae_elf_blades_crystal_corner, layout_geoelf_grid, serial_shops,
          nicolae_shop_waterfront, basic_altar
Elf:3:    elf_hall, layout_geoelf_castle
Vaults:1: vaults_standard_mumra_enter_the_diamond, hangedman_vaults_variations,
          v_rooms_5, vaults_mumra_hexcomb, ontoclasm_vaults_chip, v_misc_27,
          vaults_mumra_bighexcomb, grunt_vaults_hallway_short,
          layout_vaults_omnigrid, serial_glass
Vaults:2: vaults_mumra_minichess, vaults_room_corners,
          hangedman_vaults_restitches, hangedman_vaults_stagger,
          grunt_tower_of_power, ontoclasm_vaults_hangar,
          vaults_room_ringed_pool, grunt_vaults_twisty,
          nicolae_vaults_windows_and_doors_thing, vaults_room_semicircle,
          layout_vaults_big_room
Vaults:3: minmay_crypt_entry_necro_gods, ontoclasm_vaults_ligature,
          ontoclasm_vaults_gateway, hangedman_vaults_unwind,
          vaults_dpeg_encased_lava, vaults_room_grid,
          ontoclasm_vaults_ring_small, vaults_dpeg_hooks, hangedman_vaults_maws,
          hangedman_vaults_locks, vaults_dpeg_diagonal,
          ontoclasm_vaults_ring_square, vaults_mumra_minichess_inversion,
          vaults_room_pools, special_room_vaults [special_room_orc],
          vaults_dpeg_ring, layout_vaults_ring, serial_shops, nicolae_shop_trees
Vaults:4: hangedman_vaults_hat, vaults_room_fours, vaults_room_door_ring,
          nicolae_vaults_three_branches, v_pattern_5,
          vaults_standard_mumra_enter_the_diamond, v_alt_pattern_3,
          vaults_room_large_hall, nicolae_vaults_what_the_h,
          vaults_room_semicircle, ontoclasm_vaults_twist,
          ontoclasm_vaults_loading_screen, layout_vaults_omnicross,
          serial_shops, nicolae_shop_competitors_out_of_business
Vaults:5
Depths:1: layout_cave_shapes, hellmonk_bongcloud_opening, hellmouth_3,
          nicolae_elyvilon_temple_path
Depths:2: gammafunk_its_a_trap, layout_cave_pools, nicolae_tso_carved_into_rock,
          pan_entry, hell_entry
Depths:3: kennysheep_cluttered_fort, layout_gridville, abyss_entry, pan_entry,
          hangedman_geh_valley, nicolae_kikubaaqudgha_miasma_corner,
          infiniplex_staircase_trident, uniq_saint_roka
Depths:4: grunt_x_marks_the_spot, layout_cave_pools, enter_ziggurat_d,
          grunt_decor_junction, serial_glass, glass_columns_a, glass_columns_a,
          hell_entry, minmay_shop_grove
Zot:1:    layout_onion_interference, basic_altar
Zot:2:    lemuel_firehouse, layout_onion, lemuel_baited_zot_trap,
          bh_zot_levy_curve, st_stairs_9
Zot:3:    layout_gridlike, zot_minivault_5
Zot:4:    lemuel_draconian_sentries, layout_gridlike
Zot:5:    layout_onion, st_stairs_2

Skill      XL: |  1  2  3  4  5  6  7  8  9 10 11 12 13 14 15 16 17 18 19 20 21 22 23 24 25 |
---------------+----------------------------------------------------------------------------+-----
Fighting       | 4 5 6 7 8 9 13 16 18 19 20 21 22 24 26 27 | 27.0
Armour         | 4 5 6 8 9 10 13 15 17 18 19 20 21 22 | 22.0
Shields        | 4 5 6 8 9 10 12 14 16 18 19 21 22 24 26 27 | 27.0
Axes           | 1 2 3 4 6 7 8 9 11 13 14 | 14.7
Slings         | 1 2 4 5 7 8 9 10 | 10.1
Maces & Flails | 3 4 7 8 9 10 | 10.3
Dodging        | 1 2 3 4 5 6 9 13 15 16 | 16.1
Stealth        | 1 2 3 4 |  4.6
Invocations    | 3 4 6 7 9 10 11 12 13 | 13.3
Evocations     | 1 3 4 5 7 8 10 11 12 13 14 15 16 | 16.3
Throwing       | 5 9 12 13 14 15 | 15.0

Action                   |  1- 3 |  4- 6 |  7- 9 | 10-12 | 13-15 | 16-18 | 19-21 | 22-24 | 25-27 || total
-------------------------+-------+-------+-------+-------+-------+-------+-------+-------+-------++-------
Melee: Flail             |    56 |       |       |       |       |       |       |       |       ||    56
       Headbutt          |     7 |    12 |    52 |   164 |   253 |   250 |   317 |   665 |    67 ||  1787
       War axe           |    10 |    91 |     7 |   162 |  1012 |   318 |   343 |   655 |    29 ||  2627
       Whip              |       |     4 |   265 |   533 |       |       |       |       |       ||   802
       Morningstar       |       |       |       |    37 |       |       |       |       |       ||    37
       Demon whip        |       |       |       |       |       |   631 |   731 |  1153 |   166 ||  2681
 Fire: Hunting sling     |     6 |    76 |    69 |   165 |   252 |       |       |       |       ||   568
       Fustibalus        |       |       |       |       |    73 |   490 |   437 |   884 |    41 ||  1925
Throw: Stone             |     1 |     1 |       |       |       |       |       |       |       ||     2
       Dart              |       |       |    28 |    64 |    80 |    36 |    12 |     8 |       ||   228
       Boomerang         |       |       |     2 |     6 |     8 |    15 |    28 |    38 |     6 ||   103
       Javelin           |       |       |       |     2 |     2 |    43 |    62 |    32 |     7 ||   148
       Throwing net      |       |       |       |     1 |       |       |       |     2 |     5 ||     8
Invok: Heroism           |       |       |     4 |    22 |     8 |    17 |    12 |    11 |     2 ||    76
       Finesse           |       |       |       |     1 |     2 |     3 |     7 |     9 |     4 ||    26
       Duel              |       |       |       |       |     2 |     4 |     3 |     1 |     1 ||    11
Evoke: Wand              |       |       |       |    14 |     8 |    14 |    10 |     9 |     5 ||    60
       Lightning rod     |       |       |       |     2 |     7 |     9 |    16 |     4 |     1 ||    39
       Piece from Xom's  |       |       |       |       |    10 |     7 |     4 |     1 |       ||    22
       Tin of tremorston |       |       |       |       |     3 |     6 |     6 |     5 |       ||    20
       Condenser vane    |       |       |       |       |       |     4 |     4 |       |       ||     8
       Phial of floods   |       |       |       |       |       |     1 |     3 |     1 |       ||     5
  Use: Potion            |     1 |     1 |     4 |     8 |       |     5 |     2 |     7 |    10 ||    38
       Scroll            |       |     3 |     7 |    15 |    12 |     8 |    10 |     8 |     4 ||    67
 Stab: Invisible         |       |       |       |     4 |       |       |     6 |    14 |       ||    24
       Paralysed         |       |       |       |       |       |       |       |    14 |       ||    14
       Held in net/web   |       |       |       |       |       |       |       |     1 |     1 ||     2
Armor: Scale mail        |    22 |       |       |       |       |       |       |       |       ||    22
       Chain mail        |       |    42 |    86 |   217 |   348 |   315 |   183 |       |       ||  1191
       Skin              |       |       |    10 |    13 |       |       |       |    13 |       ||    36
       Plate armour      |       |       |       |       |     3 |       |       |       |       ||     3
       Gold dragon scale |       |       |       |       |       |       |    13 |   343 |    16 ||   372
Dodge: Dodged            |    12 |    32 |    52 |   157 |   205 |   199 |   191 |   389 |    11 ||  1248
       Repelled          |       |       |       |       |       |    10 |    14 |    34 |     2 ||    60
Block: Buckler           |    15 |    18 |    47 |   119 |       |       |       |       |       ||   199
       Kite shield       |       |       |       |    99 |   150 |       |       |       |       ||   249
       Tower shield      |       |       |       |       |   527 |   806 |   755 |  1609 |   109 ||  3806
